AoeStats
← 情何以堪

Arena

508628850Analyzed
4v4 RM · 9d ago on Sep 23, 2026· 60m 25s· 8 players
Game mode
Random Map
Map size
Large (8 player)
Population
200
Speed
Normal
Resources
Standard
Victory
Conquest
Starting age
Dark Age
Ending age
Imperial Age
RankedLock teamsTeams togetherTeam positionsShared explorationLock speedFull tech treeHidden civsTurbo modeCheats
Victory
Defeat
🇪🇸 Teutons · Spain
898
+14
🇨🇳 Britons · China
811
+25
🇨🇳 Franks · China
793
+19
🇨🇳 Mongols · China
774
+19
🇹🇼 Goths · Taiwan
880
-19
🇮🇩 Britons · Indonesia
868
-18
🇪🇸 Franks · Spain
857
-18
🇬🇧 Hindustanis · United Kingdom
801
-15
Chris
10:21 Feudal Age
10:51 Double-Bit Axe
16:27 Castle Age
15:13 Horse Collar
21:17 Loom
23:59 Wheelbarrow
24:12 Town Watch
25:31 Bow Saw
26:14 Hand Cart
26:09 Heavy Plow
27:44 Ballistics
27:20 Murder Holes
31:47 Imperial Age
29:18 Town Patrol
29:17 Gold Mining
30:05 Forging
31:18 Squires
31:04 Arson
33:00 Gold Shaft Mining
32:16 Stone Mining
32:57 Conscription
33:09 Fletching
34:23 Chemistry
34:18 Grand Trunk Road
36:52 Murder Holes
36:54 Fletching
37:04 Padded Archer Armor
38:44 Stone Shaft Mining
39:10 Elite Ghulam
40:49 Iron Casting
43:14 Siege Elephant
45:21 Blast Furnace
44:27 Scale Barding Armor
44:18 Bodkin Arrow
44:54 Shatagni
46:01 Scale Mail Armor
46:16 Leather Archer Armor
46:48 Fortified Wall
46:27 Heavy Camel Rider
47:47 Imperial Camel Rider
48:39 Bloodlines
48:30 Husbandry
52:10 Chain Barding Armor
53:35 Plate Barding Armor
53:00 Bracer
57:06 Elite Skirmisher
Picnic
11:45 Feudal Age
13:35 Double-Bit Axe
13:58 Stone Mining
19:40 Castle Age
21:37 Bow Saw
21:26 Gold Mining
21:23 Horse Collar
25:15 Wheelbarrow
25:35 Padded Archer Armor
25:26 Fletching
33:39 Imperial Age
33:14 Leather Archer Armor
32:54 Bodkin Arrow
38:54 Hand Cart
38:54 Elite Longbowman
40:23 Ring Archer Armor
39:48 Bodkin Arrow
41:56 Two-Man Saw
41:41 Gold Shaft Mining
42:31 Bodkin Arrow
43:36 Caravan
44:24 Warwolf
46:09 Ballistics
46:49 Chemistry
46:31 Bracer
47:18 Yeomen
48:21 Pikeman
49:43 Crossbowman
52:49 Conscription
布丁
0:46 Loom
12:10 Feudal Age
14:37 Wheelbarrow
18:04 Castle Age
19:15 Double-Bit Axe
19:13 Horse Collar
19:29 Stone Mining
21:43 Hand Cart
27:58 Gold Mining
33:10 Imperial Age
31:20 Scale Mail Armor
31:30 Forging
31:57 Pikeman
32:38 Squires
33:25 Chain Mail Armor
33:02 Fletching
32:55 Elite Skirmisher
34:52 Bodkin Arrow
35:33 Iron Casting
36:20 Halberdier
38:51 Bow Saw
39:14 Anarchy
43:37 Chemistry
sentoginerzarra
0:47 Loom
12:46 Feudal Age
14:02 Wheelbarrow
13:15 Double-Bit Axe
13:24 Stone Mining
13:33 Gold Mining
20:29 Castle Age
19:36 Forging
19:31 Scale Barding Armor
29:50 Husbandry
29:12 Light Cavalry
30:26 Hand Cart
30:40 Fervor
32:06 Iron Casting
33:40 Chain Barding Armor
35:58 Imperial Age
35:18 Gold Shaft Mining
Chorche
5:39 Loom
12:39 Feudal Age
13:20 Horse Collar
14:33 Wheelbarrow
14:25 Double-Bit Axe
14:47 Town Watch
19:21 Castle Age
18:43 Stone Mining
19:11 Gold Mining
20:54 Heavy Plow
22:19 Bow Saw
23:18 Fletching
24:11 Bodkin Arrow
27:44 Hand Cart
32:45 Forging
39:07 Imperial Age
36:38 Town Patrol
37:44 Squires
39:22 Iron Casting
38:16 Elite Skirmisher
39:45 Bloodlines
40:02 Loom
40:14 Cavalier
41:47 Conscription
45:04 Scale Barding Armor
45:59 Blast Furnace
46:16 Chain Barding Armor
46:16 Caravan
46:30 Siege Engineers
47:22 Conscription
48:41 Two-Man Saw
51:59 Crop Rotation
52:52 Chemistry
52:13 Ballistics
52:24 Scale Mail Armor
52:12 Pikeman
58:17 Padded Archer Armor
61:13 Crenellations
猫猫儿W
10:11 Feudal Age
10:36 Loom
10:41 Double-Bit Axe
10:38 Horse Collar
16:41 Castle Age
15:07 Stone Mining
15:21 Gold Mining
18:13 Bow Saw
19:43 Horse Collar
27:50 Heavy Plow
29:16 Bloodlines
29:07 Husbandry
30:56 Light Cavalry
33:20 Fervor
33:17 Nomads
35:58 Imperial Age
34:07 Wheelbarrow
33:18 Town Watch
34:27 Stone Shaft Mining
34:54 Ballistics
34:27 Fletching
34:48 Town Patrol
36:17 Caravan
36:15 Bodkin Arrow
36:18 Heavy Camel Rider
38:03 Chemistry
37:29 Herbal Medicine
37:37 Atonement
38:15 Gold Shaft Mining
38:17 Conscription
38:10 Bracer
38:12 Padded Archer Armor
37:44 Capped Ram
38:23 Cavalier
40:46 Siege Engineers
40:53 Masonry
41:18 Scale Barding Armor
41:24 Forging
42:20 Chain Barding Armor
42:10 Forging
42:16 Leather Archer Armor
43:03 Hand Cart
42:53 Sappers
43:58 Hoardings
43:45 Drill
44:23 Elite Mangudai
45:47 Scale Mail Armor
46:22 Iron Casting
45:45 Pikeman
46:25 Squires
46:10 Arson
47:42 Siege Ram
47:43 Onager
49:12 Thumb Ring
49:33 Parthian Tactics
51:36 Blast Furnace
50:51 Chain Mail Armor
50:48 Siege Onager
50:51 Heavy Scorpion
Joshua
8:21 Loom
10:56 Feudal Age
11:43 Double-Bit Axe
17:32 Castle Age
20:25 Wheelbarrow
20:05 Bow Saw
20:06 Stone Mining
23:34 Hand Cart
26:01 Town Watch
32:09 Imperial Age
30:26 Treadmill Crane
32:12 Forging
32:09 Scale Barding Armor
32:08 Husbandry
32:14 Gold Mining
32:59 Town Patrol
34:12 Conscription
34:50 Iron Casting
34:36 Chain Barding Armor
33:41 Cavalier
34:39 Chivalry
34:53 Siege Engineers
36:03 Hoardings
37:35 Gold Shaft Mining
37:24 Paladin
38:53 Masonry
39:58 Caravan
42:02 Blast Furnace
41:02 Scale Mail Armor
45:27 Chemistry
44:58 Architecture
50:08 Herbal Medicine
52:38 Ballistics
52:14 Murder Holes
情何以堪
11:18 Feudal Age
11:47 Double-Bit Axe
11:49 Horse Collar
15:02 Loom
20:16 Castle Age
18:16 Stone Mining
21:38 Bow Saw
21:49 Heavy Plow
23:12 Fletching
22:47 Elite Skirmisher
23:56 Treadmill Crane
26:52 Ballistics
27:00 Gambesons
27:29 Gold Mining
27:35 Man-at-Arms
28:25 Light Cavalry
29:59 Padded Archer Armor
29:36 Long Swordsman
31:20 Wheelbarrow
31:22 Bodkin Arrow
33:11 Yeomen
34:11 Leather Archer Armor
34:09 Forging
34:34 Masonry
38:16 Imperial Age
39:30 Conscription
40:28 Warwolf
41:49 Squires
41:12 Two-Handed Swordsman
42:15 Bracer
43:25 Chemistry
42:39 Siege Engineers
43:19 Gold Shaft Mining
44:18 Two-Man Saw
43:58 Hand Cart
44:06 Guilds
43:57 Elite Longbowman
46:38 Ring Archer Armor
47:53 Capped Ram
48:02 Capped Ram
52:40 Hoardings
55:59 Arson
Connection lost

Rejoining the realm…

Still unreachable

The connection could not be restored.

Session expired

The server has moved on; the page needs a fresh start.